AoeStats
← Wardfire

MegaRandom

506107922Analyzed
2v2 RM · 21d ago on Sep 12, 2026· 50m 17s· 4 players
Game mode
Random Map
Map size
Medium (4 player)
Population
200
Speed
Normal
Resources
Standard
Victory
Conquest
Starting age
Dark Age
Ending age
Imperial Age
RankedLock teamsTeams togetherTeam positionsShared explorationLock speedFull tech treeHidden civsTurbo modeCheats
Victory
Defeat
🇳🇱 Bulgarians · Netherlands
1007
+14
🇳🇱 Gurjaras · Netherlands
995
+15
🇫🇷 Maya · France
977
-15
🇨🇳 Spanish · China
959
-14
val_dutch
0:32 Loom
10:54 Feudal Age
11:36 Double-Bit Axe
16:23 Fletching
16:39 Scale Mail Armor
19:02 Forging
22:25 Horse Collar
23:10 Padded Archer Armor
30:36 Castle Age
30:37 Elite Skirmisher
36:24 Bodkin Arrow
38:04 Leather Archer Armor
38:57 Bow Saw
39:43 Crossbowman
41:37 Thumb Ring
45:25 Pikeman
A02
9:25 Loom
12:31 Feudal Age
18:14 Castle Age
17:30 Gold Mining
20:04 Wheelbarrow
19:22 Double-Bit Axe
24:28 Padded Archer Armor
24:58 Bow Saw
30:36 Bloodlines
30:27 Husbandry
30:25 Horse Collar
32:40 Stone Mining
33:14 Hand Cart
32:49 Town Watch
34:55 Stone Shaft Mining
38:06 Imperial Age
37:01 Leather Archer Armor
38:16 Fletching
38:55 Elite Conquistador
40:32 Conscription
41:41 Fervor
42:16 Town Patrol
42:53 Ring Archer Armor
43:36 Bodkin Arrow
44:09 Ballistics
44:51 Chemistry
48:25 Bracer
Wardfire
5:32 Loom
11:30 Feudal Age
18:40 Fletching
19:44 Padded Archer Armor
24:51 Castle Age
27:00 Crossbowman
28:59 Wheelbarrow
28:12 Town Watch
30:12 Hand Cart
30:19 Bodkin Arrow
31:07 Gold Mining
31:05 Double-Bit Axe
32:30 Leather Archer Armor
33:36 Town Patrol
35:05 Horse Collar
35:20 Stone Mining
38:54 Kshatriyas
41:17 Stone Shaft Mining
41:19 Gold Shaft Mining
40:46 Heavy Plow
43:29 Bow Saw
43:34 Thumb Ring
49:45 Imperial Age
fabberlaan
9:02 Loom
12:37 Feudal Age
16:29 Forging
16:55 Scale Mail Armor
18:09 Horse Collar
23:33 Castle Age
21:31 Double-Bit Axe
22:26 Scale Barding Armor
23:15 Stone Mining
25:18 Stone Shaft Mining
25:08 Chain Barding Armor
29:39 Husbandry
31:34 Gold Mining
32:26 Wheelbarrow
34:46 Bow Saw
38:38 Iron Casting
42:56 Heavy Plow
43:58 Hand Cart
50:56 Imperial Age
48:52 Chain Mail Armor
Connection lost

Rejoining the realm…

Still unreachable

The connection could not be restored.

Session expired

The server has moved on; the page needs a fresh start.